 Dungeon Crawl Stone Soup version 0.29.1-2-gbd0b4ee654 (webtiles) character file.

Game seed: 15533298511401609690

13450 DemonSlayer the Thaumaturge (level 11, -15/74 HPs)
             Began as a Demonspawn Fire Elementalist on Oct 28, 2022.
             Killed by the air
             ... invoked by Gastronok
              (30 damage)
             ... on level 9 of the Dungeon.
             The game lasted 00:40:40 (15016 turns).

DemonSlayer the Thaumaturge (DsFE)                 Turns: 15016, Time: 00:40:41

Health: -15/74     AC:  6    Str: 14    XL:     11   Next: 75%
Magic:  2/24       EV: 13    Int: 20    God:
Gold:   1133       SH:  5    Dex: 15    Spells: 5/29 levels left

rFire   . . .      SeeInvis .   k - +0 dagger
rCold   . . .      Faith    .   (no shield)
rNeg    . . .      Spirit   .   u - +1 animal skin
rPois   .          Reflect  +   (helmet restricted)
rElec   .          Harm     .   p - +2 cloak
rCorr   .          Rampage  .   (gloves unavailable)
Will    .....                   (no boots)
Stlth   ++++......              g - amulet of reflection
HPRegen 0.22/turn               f - +6 ring of strength
MPRegen 0.19/turn               (no ring)

@: slowed, very slow
A: antennae 2, claws 3, hooves 1, demonic magic 1
a: no special abilities


You were on level 9 of the Dungeon.
You visited 3 branches of the dungeon, and saw 12 of its levels.

You collected 1133 gold pieces.

Inventory:

Hand Weapons
 k - a +0 dagger (weapon)
Armour
 m - a +2 scale mail of cold resistance
 p - a +2 cloak (worn)
 u - a +1 animal skin (worn)
Jewellery
 f - a +6 ring of strength (left claw)
 g - an amulet of reflection (around neck)
Wands
 c - a wand of flame (30) (quivered)
 j - a wand of roots (2)
 s - a wand of polymorph (2)
 z - a wand of charming (20)
Scrolls
 e - a scroll of magic mapping
 h - 2 scrolls of enchant armour
 n - 4 scrolls of amnesia
 t - a scroll of teleportation
 x - 3 scrolls of identify
 y - a scroll of silence
 A - a scroll of poison
Potions
 b - a potion of mutation
 d - a potion of ambrosia
 i - 2 potions of heal wounds
 l - 2 potions of lignification
 o - 2 potions of curing
 q - 6 potions of flight
 r - 3 potions of brilliance


   Skills:
 + Level 2.8 Fighting
 + Level 3.5 Short Blades
 + Level 0.7 Axes
 + Level 0.2 Throwing
 + Level 3.8 Dodging
 + Level 9.1 Stealth
 + Level 1.5 Shields
 + Level 9.8 Spellcasting
 + Level 4.6 Conjurations
 + Level 9.2 Fire Magic
 + Level 0.7 Air Magic
 + Level 1.7 Earth Magic
 + Level 1.0 Poison Magic
 + Level 2.9 Evocations


You had 5 spell levels left.
You knew the following spells:

 Your Spells              Type           Power      Damage    Failure   Level
a - Foxfire               Conj/Fire      100%       2x1d9     1%          1
b - Scorch                Fire           94%        2d9       1%          2
c - Mephitic Cloud        Conj/Pois/Air  18%        N/A       9%          3
d - Conjure Flame         Conj/Fire      37%        6-21      1%          3
e - Stone Arrow           Conj/Erth      44%        3d9       5%          3
f - Flame Wave            Conj/Fire      37%        2d10      4%          4
g - Ozocubu's Armour      Ice            9%         N/A       22%         3
h - Metabolic Englaciati  Hex/Ice        4%         N/A       89%         5

Your spell library contained the following spells:

 Spells                   Type           Power      Damage    Failure   Level
 Magic Dart               Conj           100%       1d8       1%          1
 Inner Flame              Hex/Fire       28%        N/A       3%          3
 Call Imp                 Summ           9%         N/A       11%         2
 Olgreb's Toxic Radiance  Pois           14%        N/A       41%         4
 Animate Armour           Summ/Erth      26%        N/A       43%         4
 Simulacrum               Ice/Necr       4%         N/A       100%        6
 Ozocubu's Refrigeration  Ice            4%         4d8       100%        7
 Ignition                 Fire           23%        3d8       100%        8
 Lehudib's Crystal Spear  Conj/Erth      11%        10d4      100%        8


Dungeon Overview and Level Annotations

Branches:
Dungeon (9/15)             Temple (1/1) D:4            Lair (2/5) D:8
  Swamp: Lair:2-3    Shoals: Lair:2-3     Snake: Lair:2-3    Spider: Lair:2-3
    Orc: D:9-12

Altars:
Ashenzari
Cheibriados
Fedhas
Gozag
Hepliaklqana
Kikubaaqudgha
Makhleb
Nemelex Xobeh
Okawaru
Qazlal
Ru
Trog
Uskayaw
Vehumet
Wu Jian
Xom
Yredelemnul

Shops:
D:9 :

Annotations:
D:9 Gastronok


Innate Abilities, Weirdness & Mutations

You have a pair of antennae on your head.
You have claws for hands.
You have large cloven feet.
Spells you cast may paralyse adjacent enemies.


Message History

You don't have enough magic to cast this spell.
Okay, then.
Okay, then.
Okay, then.
Gastronok bites you!
You hit Gastronok but do no damage. You kick Gastronok, but do no damage.
Gastronok is severely wounded.
You hit Gastronok. You kick Gastronok, but do no damage.
Gastronok is severely wounded.
Gastronok bites you!!
Flames lash Gastronok.
Gastronok is severely wounded.
Gastronok's fire resistance burns away.
Malevolent energies surge around you.
The roots erupt in riotous growth!
Roots grab Gastronok.
The grasping roots constrict Gastronok!
Gastronok casts a spell at you.
You feel yourself slow down.
The puff of flame hits Gastronok!
Gastronok is burned terribly!
Gastronok is almost dead.
The grasping roots constrict Gastronok!
The roots release their grip on Gastronok.
Gastronok bites you!!
* * * LOW HITPOINT WARNING * * *
You hit Gastronok but do no damage.
Gastronok is almost dead.
Gastronok is no longer more vulnerable to fire.
You hit Gastronok but do no damage.
Gastronok is almost dead.
Gastronok bites you but does no damage.
You hit Gastronok but do no damage.
Gastronok is almost dead.
Gastronok bubbles merrily.
You hit Gastronok. You kick Gastronok, but do no damage.
Gastronok is almost dead.
You hit Gastronok but do no damage. You kick Gastronok, but do no damage.
Gastronok is almost dead.
Gastronok waves his eye-stalks in wide circles.
The air twists around and strikes you!!
You die...

#.....####
#.........+ #.....#
#.........# #.....#
#<........# ###'###
#.........# ##.#
######.#### #..#
###..# ##.## ###....#
#..# #.'....+
##'######## #.#@...#
..........####.#w...#
..........#....#....#
..........'.####....#
..........### #....#
########### #...>#
######


You could see Gastronok (swift).

Vanquished Creatures
  Erolcha (D:9)
  A catoblepas (Lair:2)
  Erica (D:8)
  2 black mambas (Lair:2)
  A cane toad (Lair:1)
  Joseph (D:8)
  2 elephants (Lair:1)
  A komodo dragon (Lair:2)
  2 trolls
  Grinder (D:3)
  2 hornets (D:9)
  8 blink frogs
  A wyvern (D:8)
  14 yaks
  Eustachio (D:6)
  Grum (D:9)
  3 steam dragons
  5 water moccasins
  Duvessa (D:7)
  2 orc warriors
  A black bear (D:7)
  2 ice beasts
  5 wolves
  An ogre (D:6)
  A phantom (D:5)
  3 kobold brigands
  3 bullfrogs
  2 scorpions
  A necrophage (D:5)
  3 wights (D:8)
  Dowan (D:7)
  11 killer bees (D:8)
  A howler monkey (D:7)
  6 electric eels (D:7)
  4 hounds
  A gnoll bouda (D:4)
  3 orc priests
  Crazy Yiuf (D:2)
  3 iguanas
  Terence (D:3)
  Natasha (thrice) (D:3)
  9 orc wizards
  Robin (D:2)
  4 gnolls (D:5)
  16 adders
  A white imp (D:7)
  2 ufetubi
  A worm (D:2)
  26 orcs
  8 ball pythons
  9 bats
  5 endoplasms
  3 giant cockroaches
  13 goblins
  5 hobgoblins
  18 kobolds
  3 quokkas
  3 frilled lizards
  5 rats
240 creatures vanquished.

Vanquished Creatures (others)
  An orc (D:7)
  214 foxfires
  7 fungi
  17 plants
239 creatures vanquished.

Grand Total: 479 creatures vanquished

Notes
Turn   | Place    | Note
-------+----------+-------------------------------------------
     0 | D:1      | DemonSlayer the Demonspawn Fire Elementalist began the
                  | quest for the Orb.
     0 | D:1      | Reached XP level 1. HP: 13/13 MP: 3/3
   508 | D:1      | Discovered your monstrous ancestry.
   508 | D:1      | Gained mutation: You have large cloven feet. [demonic
                  | ancestry]
   508 | D:1      | Reached XP level 2. HP: 19/19 MP: 0/5
   511 | D:1      | Learned a level 2 spell: Scorch
  1585 | D:2      | Gained mutation: Spells you cast may paralyse adjacent
                  | enemies. [demonic ancestry]
  1585 | D:2      | Reached XP level 3. HP: 24/24 MP: 0/6
  2260 | D:2      | Reached XP level 4. HP: 31/31 MP: 4/7
  2354 | D:2      | Reached skill level 1 in Fighting
  2356 | D:2      | Noticed Robin
  2374 | D:2      | Killed Robin
  2502 | D:2      | Found a runed translucent door.
  2503 | D:2      | Noticed Crazy Yiuf
  2647 | D:2      | Killed Crazy Yiuf
  2648 | D:2      | Gained mutation: You have sharp fingernails. [demonic
                  | ancestry]
  2648 | D:2      | Reached XP level 5. HP: 37/37 MP: 5/9
  2684 | D:2      | Identified the +5 hammer of Amylecoe {flame, *Corrode Str+3
                  | SInv}
  2690 | D:2      | Learned a level 3 spell: Mephitic Cloud
  2694 | D:2      | Learned a level 3 spell: Conjure Flame
  2744 | D:3      | Noticed Natasha
  2752 | D:3      | Killed Natasha
  2808 | D:3      | Reached skill level 1 in Short Blades
  2926 | D:3      | Noticed Natasha
  2931 | D:3      | Killed Natasha
  3127 | D:3      | Noticed Grinder
  3127 | D:3      | Noticed Terence
  3397 | D:4      | Gained mutation: You have a pair of small antennae on your
                  | head. [demonic ancestry]
  3397 | D:4      | Reached XP level 6. HP: 40/43 MP: 1/11
  3567 | D:4      | Found a broken altar of Ashenzari.
  4443 | D:4      | Found a staircase to the Ecumenical Temple.
  4457 | Temple   | Entered the Ecumenical Temple
  4745 | D:3      | Killed Grinder
  4746 | D:3      | Reached XP level 7. HP: 48/48 MP: 7/13
  4844 | D:3      | Killed Terence
  5099 | D:3      | Noticed Natasha
  5105 | D:3      | Killed Natasha
  5360 | D:3      | Found a sacrificial altar of Ru.
  5630 | D:3      | Learned a level 3 spell: Stone Arrow
  5664 | D:5      | Entered Level 5 of the Dungeon
  5940 | D:5      | Reached skill level 5 in Fire Magic
  6073 | D:5      | Identified a scroll of acquirement
  6073 | D:5      | Acquired 583 gold pieces
  6410 | D:5      | Gained mutation: You have very sharp fingernails. [demonic
                  | ancestry]
  6410 | D:5      | Reached XP level 8. HP: 54/54 MP: 8/15
  6466 | D:5      | Learned a level 4 spell: Flame Wave
  6615 | D:6      | Reached skill level 5 in Spellcasting
  6701 | D:6      | Noticed a troll
  6765 | D:6      | Found a stormy altar of Qazlal.
  6774 | D:6      | Killed a troll
  6882 | D:6      | Reached skill level 5 in Stealth
  6992 | D:6      | Noticed Eustachio
  7007 | D:6      | Killed Eustachio
  7090 | D:6      | Found a snail-covered altar of Cheibriados.
  7365 | D:6      | Found an opulent altar of Gozag.
  7414 | D:6      | Found a blossoming altar of Fedhas.
  7831 | D:7      | Reached skill level 1 in Shields
  7902 | D:7      | Found an iron altar of Okawaru.
  8162 | D:7      | Gained mutation: You have a pair of antennae on your head.
                  | [demonic ancestry]
  8162 | D:7      | Reached XP level 9. HP: 53/59 MP: 9/18
  8519 | D:7      | Noticed Duvessa
  8519 | D:7      | Noticed Dowan
  8521 | D:7      | Noticed a troll
  8528 | D:7      | Killed Dowan
  8538 | D:7      | Killed a troll
  8660 | D:7      | Killed Duvessa
  9368 | D:7      | Learned a level 3 spell: Ozocubu's Armour
  9440 | D:7      | Found a radiant altar of Vehumet.
  9448 | D:7      | Reached skill level 1 in Evocations
  9986 | D:8      | Noticed Joseph
  9997 | D:8      | Killed Joseph
  9998 | D:8      | Reached XP level 10. HP: 39/68 MP: 11/21
 10209 | D:8      | Found a staircase to the Lair.
 11151 | D:8      | Found a sparkling altar of Nemelex Xobeh.
 11211 | D:8      | Learned a level 5 spell: Metabolic Englaciation
 11234 | Lair:1   | Entered Level 1 of the Lair of Beasts
 11647 | Lair:1   | Noticed an elephant
 11647 | Lair:1   | Noticed an elephant
 11649 | Lair:1   | Noticed an elephant
 11651 | Lair:1   | Noticed an elephant
 11652 | Lair:1   | Noticed an elephant
 11654 | Lair:1   | Noticed an eight-headed hydra
 11655 | Lair:1   | Noticed a cane toad
 11731 | Lair:2   | Noticed a catoblepas
 11749 | Lair:2   | Killed a catoblepas
 11955 | Lair:2   | Gained mutation: You have claws for hands. [demonic
                  | ancestry]
 11955 | Lair:2   | Reached XP level 11. HP: 68/73 MP: 3/24
 13585 | D:9      | Noticed Erica
 13602 | D:9      | Noticed Erolcha
 13655 | D:8      | Killed Erica
 14151 | D:9      | Killed Erolcha
 14152 | D:9      | Reached skill level 1 in Poison Magic
 14420 | D:9      | Found Jokuasogg's Book Emporium.
 14465 | D:9      | Noticed Grum
 14468 | D:9      | Reached skill level 1 in Earth Magic
 14472 | D:9      | Killed Grum
 14997 | D:9      | Noticed Gastronok
 15016 | D:9      | Killed from afar by Gastronok

Illustrated notes

Levels and vault maps discovered:
D:1:      dpeg_arrival_circle_labyrinth_a, layout_basic
D:2:      layout_loops_ring, uniq_robin, uniq_crazy_yiuf_cottage
D:3:      layout_basic, general_overflow_altar,
          mainiacjoe_overflow_tiny_flanked, kennysheep_doodads,
          kennysheep_generic_room_14, uniq_grinder, uniq_terence, uniq_natasha
D:4:      minmay_razor_zed, layout_loops_ring, nicolae_ashenzari_skybound,
          minmay_temple_entry_trees, st_stairs_4
D:5:      layout_rooms
D:6:      layout_loops_ring, mainiacjoe_overflow_six_doors_small,
          lemuel_round_altar, kennysheep_little_box,
          lemuel_coloured_pillars_altar, uniq_eustachio
D:7:      cheibrodos_two_vegetables, layout_loops_ring, fiery_altar_vehumet,
          okawaru_gym_becter, uniq_duvessa
D:8:      layout_basic, nemelex_spade_bored_becter, dpeg_oklobed_lair,
          uniq_joseph
D:9:      layout_roguey, serial_shops, shop, uniq_gastronok, uniq_grum,
          uniq_erica, uniq_erolcha
Temple:   jpeg_temple_island
Lair:1:   layout_regular_city, portal_ice_cave_entry_imps,
          nicolae_lair_lil_pond, grunt_megastairs_1
Lair:2:   layout_cave_pods, spider_nest_entry_rubble, roderic_batcave,
          st_stairs_9, infiniplex_staircase_pool_2, serial_bayou_shore_b

Skill      XL: |  1  2  3  4  5  6  7  8  9 10 11 |
---------------+----------------------------------+-----
Fire Magic     | 3 4 5 6 7 8 9 |  9.2
Dodging        | 2 3 |  3.8
Stealth        | 2 3 4 5 6 7 9 |  9.1
Fighting       | 1 2 |  2.8
Short Blades   | 1 2 3 |  3.5
Spellcasting   | 3 4 6 7 9 |  9.8
Conjurations   | 2 3 4 |  4.6
Shields        | 1 |  1.5
Evocations     | 2 |  2.9
Poison Magic   | 1 |  1.0
Earth Magic    | 1 |  1.7
Axes           | |  0.7
Throwing       | |  0.2
Air Magic      | |  0.7

Action                   |  1- 3 |  4- 6 |  7- 9 | 10-12 || total
-------------------------+-------+-------+-------+-------++-------
Melee: Hand axe          |    20 |       |       |       ||    20
       Kick              |     9 |     9 |     7 |    16 ||    41
       Dagger            |    12 |    44 |    59 |    81 ||   196
       Punch             |       |     1 |       |       ||     1
Throw: Dart              |       |       |     1 |     1 ||     2
       Throwing net      |       |       |       |     1 ||     1
 Cast: Foxfire           |    40 |    24 |    37 |    24 ||   125
       Scorch            |     8 |    34 |   103 |    81 ||   226
       Stone Arrow       |       |       |     4 |    42 ||    46
       Conjure Flame     |       |       |     2 |       ||     2
       Mephitic Cloud    |       |       |     1 |    14 ||    15
       Flame Wave        |       |       |     1 |     2 ||     3
Evoke: Wand              |       |       |    17 |    11 ||    28
  Use: Potion            |       |     2 |     6 |    10 ||    18
       Scroll            |       |     8 |    13 |     5 ||    26
 Stab: Sleeping          |     5 |     4 |     5 |     9 ||    23
       Paralysed         |     1 |    20 |    29 |    37 ||    87
Armor: Robe              |    13 |     7 |     7 |    15 ||    42
       Animal skin       |       |       |       |     2 ||     2
Dodge: Dodged            |    19 |    22 |    38 |    76 ||   155
Block: Other             |     8 |    10 |    22 |    21 ||    61
       Reflection        |     1 |     1 |     1 |       ||     3
